Construct Light Support Kompanie
Selects L6/40 Light Tank Combat Group
Selects Defensive Operations
L6/40 Light Tank Combat Group
L6/40 Light Tank Combat Group
Construct Mechanized Kompanie
Selects Prepared Positions
Selects Obice 305mm Barrage
Marder III Tank Destroyer
Selects Towed Cannone da 105/28 Field Howitzer
Marder III Tank Destroyer
Marder III Tank Destroyer
Marder III Tank Destroyer
Construct Panzerarmee Kommand